 Dungeon Crawl Stone Soup version 0.18-a0-1589-g520a787 (webtiles) character file.

98 Oddball22 the Sneak (level 4, -9/32 HPs)
             Began as a Vampire Necromancer on Mar 19, 2016.
             Mangled by Wuczoun the merfolk
             ... wielding a +1 trident of flaming
             ... created by the player character
              (17 damage)
             ... on level 2 of the Dungeon.
             The game lasted 00:09:10 (4535 turns).

Oddball22 the Sneak (Vampire Necromancer)           Turns: 4535, Time: 00:09:11

Health: -9/32      AC:  2    Str:  6 (7)  XL:     4   Next: 44%
Magic:  0/7        EV: 13    Int: 14 (17) God:
Gold:   75         SH:  0    Dex: 14 (15) Spells: 3 memorised, 2 levels left

rFire  . . .     SeeInvis +     (no weapon)
rCold  + + .     Gourm    .     a - +0 robe
rNeg   + + +     Faith    .     (no shield)
rPois  +         Spirit   .     (no helmet)
rElec  .         Dismiss  .     (no cloak)
rCorr  .         Reflect  .     (no gloves)
SustAt .         Harm     .     (no boots)
MR     .....                    (no amulet)
Stlth  ++++......               (no ring)
                                h - ring of flight

@: regenerating slowly, not resistant to hostile enchantments, stealthy
A: fangs 3, see invisible, unbreathing
a: Bat Form, Evoke Flight


You were on level 2 of the Dungeon.
You were near bloodless.

You visited 1 branch of the dungeon, and saw 3 of its levels.

You collected 75 gold pieces.

Inventory:

Armour
 a - a +0 robe (worn)
Jewellery
 h - a ring of flight (left hand)
Scrolls
 d - a scroll of immolation {unknown}
 f - a scroll of random uselessness {unknown}
 g - a scroll of fear {unknown}
 i - a scroll of enchant weapon {unknown}
 j - a scroll of fog {unknown}
 k - 3 scrolls of identify {unknown}
 m - a scroll of teleportation {unknown}
Potions
 c - 4 potions of blood
 e - a potion of might {unknown}
 l - a potion of agility
Books
 b - a book of Necromancy

   Spells                             Type                      Level
   a - Pain                           Necromancy                   1
   b - Animate Skeleton               Necromancy                   1
   c - Vampiric Draining              Necromancy                   3
   d - Regeneration                   Charms/Necromancy            3
   e - Animate Dead                   Necromancy                   4
   f - Control Undead                 Necromancy                   4
Miscellaneous
 n - a plain deck of wonders {drawn: 1}


   Skills:
 - Level 1.1 Fighting
 + Level 2.9 Dodging
 + Level 5.4 Stealth
 * Level 2.3 Spellcasting
 + Level 4.6 Necromancy


You had 2 spell levels left.
You knew the following spells:

 Your Spells              Type           Power        Failure   Level  Hunger
a - Pain                  Necr           ##..         3%          1    #......
b - Animate Skeleton      Necr           N/A          3%          1    #......
c - Vampiric Draining     Necr           ##........   12%         3    ###....


Dungeon Overview and Level Annotations

Branches:
Dungeon (3/15)

Altars:
Nemelex Xobeh

Annotations:
D:3 Ijyb; onwiheg's ghost, amateur DgWr


Innate Abilities, Weirdness & Mutations

You heal slowly.
You have razor-sharp teeth.
You have supernaturally acute eyesight.
You can survive without breathing.


Message History

Press: ? - help, Shift-Dir - straight line, f/p - worm
Aim: a worm (heavily wounded, chance to defeat MR: 79%)
The worm convulses in agony!
The worm misses you.
Evoke which item? (* to show all) (? for menu, Esc to quit)
Okay, then.
Casting: Pain
Confirm with . or Enter, or press ? or * to list all spells.
Aiming: Pain
Press: ? - help, Shift-Dir - straight line, f/p - worm
Aim: a worm (moderately wounded, chance to defeat MR: 79%)
The worm convulses in agony!
Evoke which item? (* to show all) (? for menu, Esc to quit)
You draw a card...
It is the Mercenary.
You cannot afford Wuczoun's fee of 291 gold!
Wuczoun attacks!
Wuczoun the merfolk comes into view. It is wielding a trident of flaming.
Wuczoun hits you from afar with a trident of flaming!
Ouch! That really hurt!
You die...

#......#..#.########.
###.#.###....##
#.#..#.....(#
#....w......#
##.#....[...#
#w##.#.##### #m##..##
#.##.## #@##.# #.####
.#. #.# ..### #.#
...# #<# ..# #.####
#.# #....# #.###
####.# #...## #.#
#..(..


You could see Wuczoun the merfolk and a worm.

Vanquished Creatures
  4 adders (D:2)
  4 dart slugs
  6 bats
  A giant cockroach (D:1)
  6 goblins
  8 hobgoblins
  7 jackals
  8 kobolds
  A ball python (D:2)
  8 rats
53 creatures vanquished.

Vanquished Creatures (collateral kills)
  A giant gecko (D:1)
  2 kobolds (D:1)
3 creatures vanquished.

Grand Total: 56 creatures vanquished

Notes
Turn   | Place    | Note
--------------------------------------------------------------
     0 | D:1      | Oddball22 the Vampire Necromancer began the quest for the Orb.
     0 | D:1      | Reached XP level 1. HP: 13/13 MP: 3/3
   177 | D:1      | Learned a level 1 spell: Animate Skeleton
   437 | D:1      | Reached XP level 2. HP: 20/20 MP: 3/5
   814 | D:1      | Reached skill level 4 in Stealth
  1165 | D:1      | Reached skill level 1 in Fighting
  1422 | D:1      | Reached XP level 3. HP: 13/26 MP: 1/6
  2055 | D:1      | Learned a level 3 spell: Vampiric Draining
  2610 | D:2      | Reached XP level 4. HP: 22/32 MP: 1/7
  2627 | D:2      | Reached skill level 5 in Stealth
  2638 | D:2      | HP: 1/32 [bat (1)]
  2644 | D:2      | HP: 1/32 [bat (1)]
  3536 | D:2      | Found a sparkling altar of Nemelex Xobeh.
  3750 | D:3      | Noticed Ijyb
  4501 | D:3      | Noticed onwiheg's ghost (amateur DgWr)
  4534 | D:2      | Noticed Wuczoun
  4535 | D:2      | Mangled by Wuczoun the merfolk

Vault maps used:
D:1:      erik_arrival_triangle_large
D:2:      grunt_temple_overflow_magic_moments, nemelex_deck
D:3:      lemuel_round_altar, yredelemnul_forgotten_temple_becter,
          nicolae_ru_sacrificial_ziggurat, grunt_decor_fettered,
          minmay_misc_feat_ornament, minmay_misc_feat_plants, uniq_iyjb

Skill      XL: |  1  2  3  4 |
---------------+-------------+-----
Stealth        | 4 5 |  5.4
Fighting       | 1 |  1.1
Dodging        | |  2.9
Spellcasting   | |  2.3
Necromancy     | |  4.6

Action                   |  1- 3 |  4- 6 || total
-------------------------+-------+-------++-------
Melee: Unarmed           |    64 |    21 ||    85
 Cast: Pain              |    56 |    60 ||   116
       Animate Skeleton  |     2 |     1 ||     3
       Vampiric Draining |       |     1 ||     1
Evoke: Deck              |       |     1 ||     1
  Use: Potion            |     4 |     2 ||     6
